 Dungeon Crawl Stone Soup version 0.32-a0-712-g515539a (webtiles) character file.

Game seed: 9981581987883931484

278937 Radamante the Warrior (level 19, -7/184 HPs)
             Began as a Minotaur Fighter on Mar 15, 2024.
             Was the Champion of Lugonu.
             Mangled by a +0 vampiric eveningstar (19 damage)
             ... on level 2 of the Elven Halls.
             The game lasted 01:40:20 (45829 turns).

Radamante the Warrior (Minotaur Fighter)           Turns: 45829, Time: 01:40:20

Health: -7/184     AC: 32    Str: 32    XL:     19   Next: 64%
Magic:  26/26      EV: 13    Int:  8    God:    Lugonu [******]
Gold:   2024       SH:  0    Dex: 10    Spells: 18/18 levels left

rFire   + . .        a - +9 war axe (heavy)
rCold   . . .        (no shield)
rNeg    + . .        O - +10 pearl dragon scales
rPois   .            T - +0 hat {Int+3}
rElec   .            k - scarf {repulsion}
rCorr   .            h - +1 pair of gloves of Plog {Str+3}
SInv    .            d - +0 pair of boots
Will    +....        (no amulet)
Stlth   ++           B - ring of protection from fire
HPRegen 0.50/turn    U - +4 ring of slaying
MPRegen 0.20/turn

%: repel missiles
@: about to teleport
A: horns 2, retaliatory headbutt
}: 2/15 runes: barnacled, gossamer
a: Renounce Religion, Depart the Abyss, Banish, Corrupt, Enter the Abyss, Brand
Weapon With Distortion


You were on level 2 of the Elven Halls.
You worshipped Lugonu.
Lugonu was exalted by your worship.
You visited 6 branches of the dungeon, and saw 33 of its levels.
You visited the Abyss 3 times.
You also visited: Gauntlet.

You collected 3824 gold pieces.
You spent 1800 gold pieces at shops.

Inventory:

Hand Weapons
 a - a +9 heavy war axe (weapon)
 b - the +8 war axe of Rafoboyst {drain, rF++ Str+4}
   (You found it on level 10 of the Dungeon)

   Str+4:     It affects your strength (+4).
   rF++:      It greatly protects you from fire.
 c - the +12 war axe "Cocafon" {flame, rElec rPois rN+}
   (You bought it in a shop on level 11 of the Dungeon)

   rElec:     It insulates you from electricity.
   rPois:     It protects you from poison.
   rN+:       It protects you from negative energy.
 w - a +2 heavy orcbow
 H - the +5 battleaxe "Otzoqowk" {distort, rPois rN+ Will++}
   (You found it on level 3 of the Elven Halls)

   rPois:     It protects you from poison.
   rN+:       It protects you from negative energy.
   Will++:    It greatly increases your willpower.
Missiles
 j - 32 boomerangs
 G - 7 curare-tipped darts
 J - 14 javelins
 K - 28 poisoned darts (quivered)
Armour
 d - a +0 pair of boots (worn)
 h - the +1 pair of gloves of Plog (worn) {Str+3}
   (You found it on level 4 of the Spider Nest)

   Str+3:     It affects your strength (+3).
 k - a scarf of repulsion (worn)
 O - +10 pearl dragon scales (worn)
 T - a +0 hat of intelligence (worn)
Jewellery
 i - a ring of see invisible
 p - the amulet "Luaxzixkimn" {Reflect Str-5 Int+7 Dex+2 SH+5}
   (You found it in a Gauntlet)

   [amulet of reflection]

   Reflect:   It reflects blocked missile attacks.
   Str-5:     It affects your strength (-5).
   Int+7:     It affects your intelligence (+7).
   Dex+2:     It affects your dexterity (+2).
   SH+5:      It affects your SH (+5).
 v - the ring of Wykafu {rN+ Str+6 Dex+6}
   (You took it off a minotaur in a Gauntlet)

   [ring of dexterity]

   Str+6:     It affects your strength (+6).
   Dex+6:     It affects your dexterity (+6).
   rN+:       It protects you from negative energy.
 x - a +4 ring of protection
 B - a ring of protection from fire (left hand)
 S - the ring "Qowaikh" {rC+ rN+ Str+3 Int-5 Dex+6}
   (You found it on level 1 of the Elven Halls)

   [ring of dexterity]

   Str+3:     It affects your strength (+3).
   Int-5:     It affects your intelligence (-5).
   Dex+6:     It affects your dexterity (+6).
   rC+:       It protects you from cold.
   rN+:       It protects you from negative energy.
 U - a +4 ring of slaying (right hand)
 W - a +5 ring of evasion
Wands
 n - a wand of digging (5)
 o - a wand of warping (16)
 s - a wand of quicksilver (8)
 u - a wand of flame (57)
 I - a wand of mindburst (20)
 V - a wand of charming (27)
Scrolls
 e - a scroll of acquirement
 m - 2 scrolls of fear
 q - 4 scrolls of poison
 t - 8 scrolls of teleportation
 y - 5 scrolls of blinking
 C - a scroll of enchant weapon
 E - 8 scrolls of immolation
 F - 9 scrolls of identify
 M - 5 scrolls of fog
 R - 9 scrolls of revelation
Potions
 g - 19 potions of curing
 l - 4 potions of magic
 r - 6 potions of haste
 z - 4 potions of invisibility
 D - 3 potions of heal wounds
 L - 3 potions of enlightenment
 N - 6 potions of attraction
 P - 6 potions of resistance
 Q - 6 potions of ambrosia
 X - a potion of cancellation
 Y - 2 potions of might
 Z - 5 potions of lignification
Miscellaneous
 f - a phantom mirror
 A - a box of beasts


   Skills:
 - Level 19.8 Fighting
 - Level 17.9(19.1) Axes
 - Level 11.4(16.0) Maces & Flails
 + Level 7.7 Ranged Weapons
 - Level 9.0 Throwing
 - Level 16.9 Armour
 - Level 11.4 Dodging
 - Level 8.1 Stealth
 - Level 13.2 Shields
 - Level 11.6 Invocations
 - Level 6.9 Evocations


You had 18 spell levels left.
You didn't know any spells.
Your spell library contained the following spells:

 Spells                   Type           Power      Damage    Failure   Level
 Kiss of Death            Conj/Necr      0%         2d5       58%         1
 Sandblast                Erth           0%         2d4       58%         1
 Shock                    Conj/Air       0%         1d3       58%         1
 Slow                     Hex            0%         N/A       58%         1
 Cigotuvi's Dreadful Rot  Necr/Alch/Air  0%         N/A       75%         2
 Ensorcelled Hibernation  Hex/Ice        0%         N/A       75%         2
 Mercury Vapours          Alch/Air       0%         N/A       75%         2
 Static Discharge         Conj/Air       0%         3-3/arc   75%         2
 Sublimation of Blood     Necr           0%         N/A       75%         2
 Call Canine Familiar     Summ           0%         N/A       92%         3
 Confusing Touch          Hex            0%         N/A       92%         3
 Frozen Ramparts          Ice            0%         1d1       92%         3
 Fugue of the Fallen      Necr           0%         N/A       92%         3
 Ozocubu's Armour         Ice            0%         N/A       92%         3
 Passwall                 Erth           0%         N/A       92%         3
 Sigil of Binding         Hex            0%         N/A       92%         3
 Stone Arrow              Conj/Erth      0%         3d7       92%         3
 Summon Ice Beast         Ice/Summ       0%         N/A       92%         3
 Swiftness                Air            0%         N/A       92%         3
 Vampiric Draining        Necr           0%         2d6       92%         3
 Airstrike                Air            0%         2d(0-16)  100%        4
 Anguish                  Hex/Necr       0%         N/A       100%        4
 Animate Armour           Summ/Erth      0%         N/A       100%        4
 Animate Dead             Necr           0%         N/A       100%        4
 Brom's Barrelling Bould  Conj/Erth      0%         2d3       100%        4
 Cause Fear               Hex            0%         N/A       100%        4
 Dimensional Bullseye     Hex/Tloc       0%         N/A       100%        4
 Dispel Undead            Necr           0%         3d6       100%        4
 Ignite Poison            Fire/Alch      0%         N/A       100%        4
 Leda's Liquefaction      Alch/Erth      0%         N/A       100%        4
 Manifold Assault         Tloc           0%         N/A       100%        4
 Passage of Golubria      Tloc           0%         N/A       100%        4
 Petrify                  Alch/Erth      0%         N/A       100%        4
 Sticky Flame             Fire/Alch      0%         2d4       100%        4
 Summon Blazeheart Golem  Fire/Summ      0%         N/A       100%        4
 Summon Lightning Spire   Summ/Air       0%         N/A       100%        4
 Fireball                 Conj/Fire      0%         3d3       100%        5
 Freezing Cloud           Conj/Ice/Air   0%         6-21      100%        5
 Irradiate                Conj/Alch      0%         3d11      100%        5
 Iskenderun's Battlesphe  Conj           0%         2d6       100%        5
 Lee's Rapid Deconstruct  Erth           0%         3d4*      100%        5
 Metabolic Englaciation   Hex/Ice        0%         N/A       100%        5
 Silence                  Hex/Air        0%         N/A       100%        5
 Summon Mana Viper        Hex/Summ       0%         N/A       100%        5
 Conjure Ball Lightning   Conj/Air       0%         3x3d6     100%        6
 Dispersal                Tloc           0%         N/A       100%        6
 Permafrost Eruption      Ice/Erth       0%         2x4d2     100%        6
 Plasma Beam              Fire/Air       0%         2x1d10    100%        6
 Sculpt Simulacrum        Ice/Alch       0%         N/A       100%        6
 Enfeeble                 Hex            0%         N/A       100%        7
 Haunt                    Necr/Summ      0%         N/A       100%        7
 Monstrous Menagerie      Summ           0%         N/A       100%        7
 Orb of Destruction       Conj           0%         9d5       100%        7
 Spellforged Servitor     Conj/Summ      0%         N/A       100%        7
 Borgnjor's Revivificati  Necr           0%         N/A       100%        8
 Disjunction              Tloc           0%         N/A       100%        8
 Ignition                 Fire           0%         3d3       100%        8
 Infestation              Necr           0%         N/A       100%        8
 Lehudib's Crystal Spear  Conj/Erth      0%         10d2      100%        8
 Death's Door             Necr           0%         N/A       100%        9


Dungeon Overview and Level Annotations

Branches:
Dungeon (15/15)            Temple (0/1) D:5            Lair (5/5) D:11
 Shoals (4/4) Lair:3       Spider (4/4) Lair:2        Slime (0/5) Lair:4
    Orc (2/2) D:10            Elf (3/3) Orc:2        Vaults (0/5) D:14
 Depths (0/4) D:15        Gauntlet (visited)

Altars:
Cheibriados
Elyvilon
Gozag
Hepliaklqana
Kikubaaqudgha
Nemelex Xobeh
Okawaru
Qazlal
Ru
Sif Muna
Xom
Yredelemnul
Zin
Jiyva

Shops:
D:2 *   D:3 *   D:5 !   D:8 !   D:11 (((([   D:14 !   Orc:1 *   Orc:2 ?[[*
Elf:1 *

Portals:
Trove: D:12 (give horn of Geryon)

Annotations:
Shoals:1 3 runed translucent doors, Jedeko's ghost, adept MDMo
Shoals:2 2 transporters, Gimmok's ghost, adept MiFi


Innate Abilities, Weirdness & Mutations

You have a pair of horns on your head.
You reflexively headbutt those who attack you in melee.


Message History

You slice the +0 war axe of flaming!!
The +0 war axe of flaming falls from the air.
Lugonu accepts your kill.
The deep elf zephyrmancer casts a spell at you.
The bolt of lightning is repelled.
You hear a shout!
The deep elf zephyrmancer gestures wildly while chanting.
The deep elf zephyrmancer blinks!
You slash the deep elf zephyrmancer! You headbutt the deep elf zephyrmancer.
The deep elf zephyrmancer is heavily wounded.
The deep elf zephyrmancer gestures at you while chanting.
The bolt of lightning is repelled.
You hear a shout!
You slash the deep elf zephyrmancer!
Your headbutt misses the deep elf zephyrmancer.
The deep elf zephyrmancer is severely wounded.
The deep elf zephyrmancer points at you and mumbles some strange words.
The bolt of lightning hits you!
* * * LOW HITPOINT WARNING * * *
The bolt of lightning is repelled.
The deep elf zephyrmancer casts a spell.
The deep elf zephyrmancer blinks!
The deep elf zephyrmancer shouts!
You hear a shout! x2
As you read the scroll of teleportation, it crumbles to dust.
You feel strangely unstable. The +0 vampiric eveningstar hits you!!
* * * LOW HITPOINT WARNING * * *
The +2 war axe of flaming hits you but does no damage.
The deep elf zephyrmancer gestures at you while chanting.
The bolt of lightning hits the +0 vampiric eveningstar.
The +0 vampiric eveningstar completely resists.
The bolt of lightning is repelled. x2
The deep elf zephyrmancer gestures at you while chanting.
The bolt of lightning hits the +2 war axe of flaming.
The +2 war axe of flaming completely resists.
The bolt of lightning is repelled.
The +0 vampiric eveningstar hits you!
* * * LOW HITPOINT WARNING * * *
The +2 war axe of flaming hits you but does no damage.
The deep elf zephyrmancer casts a spell.
The deep elf zephyrmancer blinks!
The +0 vampiric eveningstar hits you!!
You die...

# # ##### ##
##. ##.#.##
.##.
##...##.....##
....
..e..........#
....
.......e(.e.##
.#..
.......#)....##
##
......###e(...#
# .....#
##(..## # .....
#.@.## .# ....
#....# ... ...
........# ....
..............#
....
..........##
....
.........##
.........#
..........


You could see 3 deep elf zephyrmancers and 3 dancing weapons.

Vanquished Creatures
  Arachne (Spider:2)
  Jorgrun (Orc:2)
  2 deep elf blademasters (Elf:3)
  2 deep elf master archers (Elf:3)
  Gastronok (D:9)
  A tentacled starspawn (Abyss:3)
  Frances (D:14)
  A kraken (Shoals:2)
  Aizul (Elf:3)
  The ghost of Ray the Brawler, an adept VSFi of Yredelemnul (Spider:4)
  Roxanne (Elf:2)
  6 emperor scorpions (Spider:4)
  Louise (Spider:3)
  2 frost giants (Shoals:4)
  4 deep elf sorcerers
  7 deep elf elementalists
  4 ghost moths
  A broodmother (Spider:4)
  The ghost of Ray the Bludgeoner, a journeyman OnWr of Cheibriados (Orc:2)
  A quicksilver ooze (Gauntlet)
  5 deep elf demonologists
  8 deep elf annihilators (Elf:3)
  3 deep elf death magi
  A dire elephant (Lair:5)
  A minotaur (Gauntlet)
  3 spark wasps
  4 merfolk javelineers
  2 ettins
  The ghost of Zahoyc the Thaumaturge, a journeyman DsEE of Sif Muna (Lair:3)
  Josephine (Lair:3)
  11 merfolk impalers
  An entropy weaver (shapeshifter) (D:15)
  2 deep elf high priests (Elf:3)
  2 entropy weavers
  A hydra (Lair:3)
  A vault guard (D:14)
  Erolcha (D:10)
  2 jorogumos
  3 merfolk avatars
  2 alligator snapping turtles
  2 ogre magi
  4 radroaches
  An alligator (Lair:3)
  2 catoblepae
  10 two-headed ogres
  20 dancing weapons
  2 death knights (D:10)
  3 merfolk aquamancers
  3 boulder beetles
  7 centaur warriors
  A deep troll shaman (Lair:5)
  6 death yaks
  2 satyrs
  4 demonic crawlers
  3 tengu warriors
  3 thrashing horrors (Abyss:3)
  12 deep elf knights
  Sonja (Lair:3)
  5 sun demons
  A hell knight (D:15)
  A skeletal warrior (D:9)
  2 wretched stars (Abyss:3)
  3 skysharks
  The ghost of squeakweiz the Carver, a novice CoMo of Okawaru (D:6)
  A sixfirhy (Abyss:3)
  6 orb spiders
  2 pharaoh ants (Spider:4)
  11 sea snakes
  A glowing orange brain (D:14)
  3 sun moths
  Lodul (D:10)
  5 steelbarb worms
  A spriggan simulacrum (Abyss:3)
  An orange crystal statue (Elf:1)
  20 deep elf archers
  32 deep elf pyromancers
  2 necromancers
  3 thermic dynamos
  10 starcursed masses (Abyss:3)
  20 harpies
  3 oklob plants
  14 deep elf zephyrmancers
  3 orc knights (Orc:2)
  23 wolf spiders
  9 ugly things
  10 fauns
  10 cyclopes
  An orc sorcerer (Orc:1)
  11 manticores
  3 moths of wrath
  2 kobold blastminers (Orc:2)
  4 meliai
  5 water nymphs
  6 merfolk sirens
  33 elephants
  Joseph (Lair:1)
  6 large abominations
  2 gargoyles
  A smoke demon (Abyss:3)
  5 black mambas
  5 torpor snails
  Maggie (D:10)
  6 cane toads
  4 rime drakes
  An efreet (Abyss:3)
  7 komodo dragons
  4 tengu conjurers
  A polar bear (shapeshifter) (D:13)
  A kobold demonologist (D:10)
  An ancient zyme (Abyss:3)
  19 merfolk
  3 red devils (D:11)
  7 polar bears
  6 wind drakes
  Prince Ribbit (D:6)
  7 trolls
  15 tarantellas
  A hornet (D:9)
  The ghost of Truedra the Cutter, an amateur DrSh of Wu Jian (D:5)
  11 snapping turtles
  4 raiju (Abyss:3)
  10 blink frogs
  18 dream sheep
  5 slime creatures
  2 centaur simulacra (D:10)
  Sigmund (D:3)
  6 wraiths
  30 jumping spiders
  19 culicivoras
  4 vampires
  17 water elementals
  A shadow (D:13)
  2 wyverns
  2 air elementals
  A golden eye (Abyss:3)
  23 yaks
  2 steam dragons
  4 fire elementals
  8 basilisks
  57 redbacks
  6 vampire mosquitoes
  2 small abominations (Abyss:3)
  2 acid dragons (D:9)
  18 water moccasins
  39 orc warriors
  6 black bears
  4 ice beasts
  A sky beast (D:7)
  16 ogres
  10 laughing skulls
  9 boggarts
  A centaur (shapeshifter) (D:10)
  12 wolves
  16 centaurs
  2 phantoms
  6 kobold brigands
  A weeping skull (Gauntlet)
  17 bullfrogs
  4 elf zombies (Elf:1)
  3 gnoll sergeants
  A scorpion (D:6)
  5 earth elementals
  3 wights (D:6)
  13 killer bees
  6 howler monkeys
  2 bombardier beetles
  3 electric eels
  A lava snake (D:7)
  20 orc priests
  A hound (D:5)
  A jelly (D:8)
  A gnoll bouda (Lair:4)
  An iron imp (Abyss:3)
  2 iguanas
  3 sleepcaps
  12 orc wizards
  6 adders
  12 gnolls
  5 shadow imps
  9 white imps
  6 ufetubi
  2 ribbon worms
  2 dart slugs (D:4)
  71 orcs
  7 ball pythons
  7 endoplasms
  7 giant cockroaches
  6 goblins
  7 hobgoblins
  11 jackals
  13 kobolds
  3 quokkas
  6 bats
  3 frilled lizards
  9 rats
  2 starspawn tentacles (Abyss:3)
  5 tentacles (Shoals:2)
1232 creatures vanquished.

Vanquished Creatures (others)
  A deep elf knight (Elf:1)
  A thermic dynamo (Elf:3)
  2 boggarts
  3 tentacles (Shoals:2)
7 creatures vanquished.

Grand Total: 1239 creatures vanquished

Notes
Turn   | Place    | Note
-------+----------+-------------------------------------------
     0 | D:1      | Radamante the Minotaur Fighter began the quest for the Orb.
     0 | D:1      | Reached XP level 1. HP: 19/19 MP: 0/0
   101 | D:1      | Reached XP level 2. HP: 27/27 MP: 1/1
   417 | D:1      | Reached XP level 3. HP: 32/33 MP: 2/2
   586 | D:2      | Reached skill level 4 in Fighting
   770 | D:2      | Found Siwad's Assorted Antiques.
   775 | D:2      | Bought a scroll labelled WIERCHE LEFEHU for 24 gold pieces
   775 | D:2      | Bought a scroll labelled HUTUPO TUISU for 24 gold pieces
   775 | D:2      | Bought a scroll labelled YRIOPI FUSAU for 24 gold pieces
   992 | D:2      | Reached XP level 4. HP: 40/40 MP: 3/3
  1107 | D:3      | Found a stormy altar of Qazlal.
  1113 | D:3      | Reached skill level 1 in Dodging
  1125 | D:3      | Noticed Sigmund
  1147 | D:3      | Killed Sigmund
  1148 | D:3      | Reached skill level 5 in Armour
  1148 | D:3      | Reached XP level 5. HP: 14/46 MP: 4/4
  1288 | D:3      | Found a basalt altar of Yredelemnul.
  1397 | D:3      | Reached skill level 5 in Axes
  1417 | D:3      | Found Comoc's Assorted Antiques.
  1422 | D:3      | Bought a scroll labelled HUTUPO TUISU for 25 gold pieces
  1422 | D:3      | Bought a scroll labelled CUFFUS IJOSSOU for 25 gold pieces
  1712 | D:4      | Reached XP level 6. HP: 50/52 MP: 5/5
  2175 | D:5      | Entered Level 5 of the Dungeon
  2181 | D:5      | Reached XP level 7. HP: 60/60 MP: 6/6
  2190 | D:5      | Identified the +1 ring mail "Nujo" {Rampage Dex+3}
  2247 | D:5      | Found an ancient bone altar of Kikubaaqudgha.
  2269 | D:5      | Found a runed translucent door.
  2270 | D:5      | Noticed Truedra's ghost (amateur DrSh)
  2284 | D:5      | Found a snail-covered altar of Cheibriados.
  2285 | D:5      | Found a hazy altar of Hepliaklqana.
  2305 | D:5      | Found a staircase to the Ecumenical Temple.
  2313 | D:5      | Found Lipecuryd's Distillery.
  2398 | D:5      | Found a runed translucent door.
  2776 | D:5      | Found a white marble altar of Elyvilon.
  2838 | D:5      | Reached skill level 5 in Fighting
  3278 | D:6      | Reached XP level 8. HP: 67/68 MP: 7/7
  3382 | D:6      | Noticed Prince Ribbit
  3435 | D:6      | Killed Prince Ribbit
  3741 | D:6      | Reached skill level 5 in Shields
  3826 | D:6      | Reached skill level 6 in Fighting
  3831 | D:6      | Reached skill level 1 in Evocations
  3994 | D:6      | Reached skill level 1 in Stealth
  3994 | D:6      | Reached XP level 9. HP: 75/75 MP: 8/8
  4114 | D:6      | Found a runed translucent door.
  4116 | D:6      | Noticed squeakweiz's ghost (novice CoMo)
  4413 | D:7      | Reached skill level 5 in Dodging
  4414 | D:7      | Reached skill level 10 in Axes
  5203 | D:8      | Got Keelajef's Handbook of Reconfigured Quicksand
  5569 | D:8      | Found Xeruxika's Distillery.
  5574 | D:8      | Bought a potion of curing for 42 gold pieces
  5791 | D:3      | Bought a glowing war axe for 162 gold pieces
  6047 | D:8      | Found a shimmering blue altar of Sif Muna.
  6236 | D:9      | Reached skill level 7 in Fighting
  6236 | D:9      | Reached XP level 10. HP: 86/86 MP: 9/9
  6283 | D:9      | Found an iron altar of Okawaru.
  6293 | D:9      | Noticed Gastronok
  6307 | D:9      | Killed Gastronok
  6348 | D:9      | Noticed a two-headed ogre
  6540 | D:9      | Found an opulent altar of Gozag.
  6795 | D:9      | Noticed a boulder beetle
  6804 | D:9      | Noticed a skeletal warrior
  6817 | D:9      | HP: 3/88 [skeletal warrior/+0 battleaxe (27)]
  6832 | D:9      | Noticed a two-headed ogre
  7173 | D:9      | Noticed a centaur warrior
  7182 | D:9      | Killed a centaur warrior
  7183 | D:9      | Reached skill level 8 in Fighting
  7318 | D:9      | Noticed a deep elf pyromancer
  7320 | D:9      | Noticed a centaur warrior
  7327 | D:9      | Killed a centaur warrior
  7329 | D:9      | Killed a deep elf pyromancer
  7330 | D:9      | Reached XP level 11. HP: 85/94 MP: 10/10
  7334 | D:9      | Killed a skeletal warrior
  7458 | D:9      | Noticed a two-headed ogre
  7469 | D:9      | Killed a two-headed ogre
  7517 | D:9      | Killed a two-headed ogre
  7530 | D:9      | Killed a two-headed ogre
  7531 | D:9      | Reached skill level 1 in Throwing
  7633 | D:9      | Killed a boulder beetle
  7804 | D:9      | Reached skill level 10 in Armour
  7969 | D:10     | Entered Level 10 of the Dungeon
  8165 | D:10     | Noticed a two-headed ogre
  8168 | D:10     | Killed a two-headed ogre
  8169 | D:10     | Reached skill level 9 in Fighting
  8251 | D:10     | Noticed a death knight
  8251 | D:10     | Noticed an ogre mage
  8251 | D:10     | Noticed a purple ugly thing
  8356 | D:10     | Killed an ogre mage
  8417 | D:10     | Noticed a death knight
  8430 | D:10     | Killed a purple ugly thing
  8723 | D:10     | Reached XP level 12. HP: 102/105 MP: 11/11
  8760 | D:10     | Noticed Maggie
  8773 | D:10     | Killed Maggie
  8853 | D:10     | Found a glowing silver altar of Zin.
  8920 | D:10     | Reached skill level 15 in Axes
  8921 | D:10     | Noticed Erolcha
  8931 | D:10     | Killed Erolcha
  9226 | D:10     | Identified the +8 war axe of Rafoboyst {drain, rF++ Str+4}
  9314 | D:10     | Found a staircase to the Orcish Mines.
  9421 | D:10     | Noticed Lodul
  9426 | D:10     | Killed Lodul
  9427 | D:10     | Reached skill level 10 in Fighting
  9911 | D:10     | Found a sacrificial altar of Ru.
  9912 | D:10     | Found a sparkling altar of Nemelex Xobeh.
 10011 | D:10     | Found a glowing silver altar of Zin.
 10011 | D:10     | Found a sacrificial altar of Ru.
 10012 | D:10     | Found a sparkling altar of Nemelex Xobeh.
 10275 | D:10     | Found a staircase to the Orcish Mines.
 10433 | D:10     | Killed a death knight
 10611 | D:10     | Killed a death knight
 11288 | D:11     | Reached skill level 11 in Fighting
 11342 | D:11     | Found Foxuyv's Weapon Boutique.
 11352 | D:11     | Found Xeatuel's Antique Weapon Shoppe.
 11367 | D:11     | Found a staircase to the Lair.
 11405 | D:11     | Found Canefebi's Armour Shop.
 11894 | D:11     | Found Wuarora's Weapon Boutique.
 11920 | D:11     | Found Isioron's Antique Weapon Shoppe.
 11960 | Lair:1   | Entered Level 1 of the Lair of Beasts
 11986 | Lair:1   | Noticed Joseph
 12000 | Lair:1   | Killed Joseph
 12152 | Lair:1   | Reached skill level 1 in Maces & Flails
 12303 | Lair:1   | Reached XP level 13. HP: 93/117 MP: 12/12
 12777 | Lair:1   | Reached skill level 12 in Fighting
 13538 | Lair:2   | Found a hole to the Spider Nest.
 14334 | Lair:2   | You fall into a shaft and drop 2 floors!
 14345 | Lair:4   | Reached skill level 5 in Maces & Flails
 14450 | Lair:4   | Reached skill level 13 in Fighting
 14842 | Lair:3   | Found a runed translucent gate.
 14842 | Lair:3   | Found a runed translucent gate.
 14843 | Lair:3   | Found a runed translucent gate.
 14843 | Lair:3   | Noticed Zahoyc's ghost (journeyman DsEE)
 14938 | Lair:3   | Reached XP level 14. HP: 90/129 MP: 13/13
 15048 | Lair:3   | Found a staircase to the Shoals.
 15142 | Lair:3   | Noticed Josephine
 15152 | Lair:3   | Killed Josephine
 15469 | Lair:3   | Noticed Sonja
 15476 | Lair:3   | Killed Sonja
 15764 | Lair:4   | Identified the +0 ring mail of the Equator {Str-3 Dex+5}
 15887 | Lair:4   | Found a viscous altar of Jiyva.
 15887 | Lair:4   | Found a staircase to the Slime Pits.
 16435 | Lair:5   | Entered Level 5 of the Lair of Beasts
 16499 | Lair:5   | Reached skill level 14 in Fighting
 17620 | Orc:1    | Entered Level 1 of the Orcish Mines
 17670 | Orc:2    | Entered Level 2 of the Orcish Mines
 17846 | Orc:2    | Noticed Jorgrun
 17866 | Orc:2    | Killed Jorgrun
 17867 | Orc:2    | Reached skill level 10 in Shields
 18168 | Orc:2    | Reached skill level 15 in Fighting
 18232 | Orc:2    | Found a staircase to the Elven Halls.
 18413 | Orc:2    | Found a large runed translucent door.
 18413 | Orc:2    | Found a large runed translucent door.
 18452 | Orc:2    | Noticed Ray's ghost (journeyman OnWr)
 18784 | Orc:2    | Found Noul's Armour Emporium.
 18784 | Orc:2    | Found Vutty's Armour Shop.
 18786 | Orc:2    | Found Firulas's Assorted Antiques.
 18788 | Orc:2    | Found Aqim's Magic Scroll Shoppe.
 18800 | Orc:2    | Bought a scroll of identify for 28 gold pieces
 18800 | Orc:2    | Bought a scroll of identify for 28 gold pieces
 18800 | Orc:2    | Bought a scroll of identify for 28 gold pieces
 19055 | Orc:1    | Found Ylotuasun's Overcharged Wands.
 19130 | Orc:1    | Reached skill level 10 in Maces & Flails
 19424 | Orc:1    | Paralysed by an orc sorcerer for 2 turns
 19665 | D:12     | Found a gate leading to a gauntlet.
 19686 | Gauntlet | Entered a Gauntlet
 19686 | Gauntlet | Found a transporter.
 19723 | Gauntlet | Found a transporter.
 19726 | Gauntlet | Found a transporter.
 19727 | Gauntlet | Found a transporter.
 19735 | Gauntlet | Found a transporter.
 19738 | Gauntlet | Found a transporter.
 19739 | Gauntlet | Found a transporter.
 19745 | Gauntlet | Noticed a quicksilver ooze
 19748 | Gauntlet | Found a transporter.
 19750 | Gauntlet | Found a transporter.
 19751 | Gauntlet | Found a transporter.
 19762 | Gauntlet | Found a transporter.
 19763 | Gauntlet | Found a transporter.
 19767 | Gauntlet | Found a transporter.
 19776 | Gauntlet | Found a transporter.
 19928 | Gauntlet | Killed a quicksilver ooze
 19929 | Gauntlet | Reached XP level 15. HP: 127/138 MP: 14/14
 20118 | Gauntlet | Identified the amulet "Luaxzixkimn" {Reflect Str-5 Int+7
                  | Dex+2 SH+5}
 20189 | Gauntlet | Identified the ring of Wykafu {rN+ Str+6 Dex+6}
 20223 | Gauntlet | Found the ring of the Mage {Wiz Archmagi}
 20379 | D:12     | Found a portal to a secret trove of treasure.
 20524 | D:12     | Identified the +1 robe of a ziggurat {rF++ Dex-2 Stlth+}
 21606 | D:14     | Found a shimmering altar of Xom.
 21626 | D:14     | Noticed Frances
 21636 | D:14     | Killed Frances
 22159 | D:14     | Found Loatse's Distillery.
 22410 | D:14     | Reached skill level 16 in Fighting
 22416 | D:14     | Found a gate to the Vaults.
 22594 | D:14     | Identified the +4 long sword of the Puffball {drain, rF++
                  | rCorr}
 22623 | D:14     | Reached skill level 15 in Armour
 22735 | D:15     | Entered Level 15 of the Dungeon
 22807 | D:15     | Paralysed by an ogre mage for 4 turns
 23261 | D:15     | Found a staircase to the Depths.
 23710 | D:11     | Bought the +12 war axe "Cocafon" {flame, rElec rPois rN+}
                  | for 1153 gold pieces
 23837 | D:6      | Killed squeakweiz's ghost
 23958 | D:5      | Killed Truedra's ghost
 24221 | Lair:3   | Killed Zahoyc's ghost
 24486 | Orc:2    | Killed Ray's ghost
 24491 | Orc:2    | Identified the +0 chain mail of Achil {rPois Dex+2}
 24813 | Spider:1 | Entered Level 1 of the Spider Nest
 24931 | Spider:1 | Reached skill level 17 in Fighting
 25293 | Spider:1 | Reached XP level 16. HP: 146/155 MP: 15/15
 26171 | Spider:3 | Noticed Louise
 26432 | Spider:2 | Identified the +4 war axe of Regicide {pain, rF+ Str-5
                  | Dex+3 SInv}
 26599 | Spider:2 | Reached skill level 10 in Dodging
 26960 | Spider:2 | Noticed Arachne
 26987 | Spider:2 | Killed Arachne
 28191 | Spider:3 | Reached skill level 5 in Stealth
 28235 | Abyss:3  | Cast into level 3 of the Abyss (Louise)
 28238 | Abyss:3  | Found a corrupted altar of Lugonu.
 28267 | Abyss:3  | Became a worshipper of Lugonu the Unformed
 28267 | Abyss:3  | Reached * piety under Lugonu
 28267 | Abyss:3  | Reached ** piety under Lugonu
 28390 | Abyss:3  | Reached skill level 1 in Invocations
 28392 | Abyss:3  | Found a corrupted altar of Lugonu.
 28442 | Abyss:3  | Noticed a tentacled starspawn
 28447 | Abyss:3  | Killed a tentacled starspawn
 28489 | Spider:3 | Escaped the Abyss
 28717 | Spider:3 | Killed Louise
 28876 | Spider:3 | Reached skill level 5 in Invocations
 29170 | Spider:4 | Entered Level 4 of the Spider Nest
 29490 | Spider:4 | Found a runed translucent gate.
 29492 | Spider:4 | Found a runed translucent gate.
 29493 | Spider:4 | Found a runed translucent gate.
 29497 | Spider:4 | Noticed Ray's ghost (adept VSFi)
 29558 | Spider:4 | Reached *** piety under Lugonu
 29897 | Spider:4 | Reached XP level 17. HP: 163/163 MP: 22/22
 30147 | Spider:4 | Reached **** piety under Lugonu
 30242 | Spider:4 | Found the +2 hat of the Bear Spirit {Spirit, Bear, *Rage
                  | Will++}
 30288 | Spider:4 | Reached skill level 10 in Invocations
 30486 | Spider:4 | Got a gossamer rune of Zot
 30616 | Spider:4 | Killed Ray's ghost
 30695 | Spider:4 | Identified the +1 pair of gloves of Plog {Str+3}
 31009 | Shoals:1 | Entered Level 1 of the Shoals
 31134 | Shoals:1 | Noticed Jedeko's ghost (adept MDMo)
 31134 | Shoals:1 | Found the +7 Kryia's mail coat {PotionHeal*2 rC+}
 31149 | Shoals:1 | Found a runed translucent gate.
 31326 | Shoals:2 | Reached ***** piety under Lugonu
 31327 | Shoals:2 | Reached skill level 18 in Fighting
 31436 | Shoals:1 | Reached skill level 5 in Throwing
 32286 | Shoals:1 | Found a runed translucent gate.
 32288 | Shoals:1 | Found a runed translucent gate.
 32335 | Shoals:1 | Identified a scroll of acquirement
 32643 | Shoals:2 | Noticed Gimmok's ghost (adept MiFi)
 32643 | Shoals:2 | Found a transporter.
 32643 | Shoals:2 | Found a transporter.
 32655 | Shoals:2 | Noticed a kraken
 32664 | Shoals:2 | Killed a kraken
 34039 | Shoals:2 | You fall into a shaft and drop 1 floor!
 35001 | Shoals:3 | Reached skill level 1 in Ranged Weapons
 35205 | Shoals:4 | Entered Level 4 of the Shoals
 35312 | Shoals:4 | Reached XP level 18. HP: 158/173 MP: 25/25
 36029 | Shoals:4 | Reached skill level 5 in Evocations
 36029 | Shoals:4 | HP: 5/174 [merfolk impaler/+3 trident of freezing (6)]
 36671 | Shoals:4 | Reached ****** piety under Lugonu
 36868 | Shoals:4 | Got a barnacled rune of Zot
 37328 | Shoals:4 | Reached skill level 19 in Fighting
 38046 | Elf:1    | Entered Level 1 of the Elven Halls
 38412 | Abyss:3  | Cast into level 3 of the Abyss (a deep elf sorcerer)
 38413 | Elf:1    | Escaped the Abyss
 38689 | Elf:1    | Identified the +1 ring mail "Tufiq" {Rampage Dex+3 Stlth+}
 39098 | Elf:1    | Found Qurghaxou's General Store.
 39645 | Elf:1    | Identified the ring "Qowaikh" {rC+ rN+ Str+3 Int-5 Dex+6}
 39929 | Elf:3    | Entered Level 3 of the Elven Halls
 39945 | Elf:3    | Identified the +3 leather armour of the Usurping Gods
                  | {-Cast rElec rF+ Str+5}
 40291 | Elf:2    | Noticed Roxanne
 40433 | Elf:2    | Killed Roxanne
 40584 | Elf:2    | Reached XP level 19. HP: 183/183 MP: 26/26
 40632 | Elf:3    | Reached skill level 5 in Ranged Weapons
 40636 | Abyss:3  | Cast into level 3 of the Abyss (a deep elf demonologist)
 40647 | Elf:3    | Escaped the Abyss
 41304 | Elf:2    | Found a huge runed translucent gate.
 41304 | Elf:2    | Found a huge runed translucent gate.
 41304 | Elf:2    | Found a huge runed translucent gate.
 41305 | Elf:2    | Found a huge runed translucent gate.
 41306 | Elf:2    | Found a huge runed translucent gate.
 43124 | Elf:3    | Noticed a Tzitzimitl
 43286 | Elf:3    | Identified the staff of the Eleven Olives {rF+ rN+ Str+3
                  | Fire}
 43897 | Elf:3    | Identified the +9 orcbow "Grim Tooth" {flame, *Slow Will+
                  | Str+5 SInv Stlth-}
 44529 | Elf:3    | Identified the +1 short sword of the Crawling Thing
                  | {distort, Str+3}
 44537 | Elf:3    | Got the Encyclopedia of Flying Algor
 44542 | Elf:3    | Identified the +5 battleaxe "Otzoqowk" {distort, rPois rN+
                  | Will++}
 44567 | Elf:3    | Identified the +12 chain mail of Coralomiun {Will+ Str+3
                  | Dex+4}
 44574 | Elf:3    | Identified the +6 mace of Spite {holy, ^Drain rN+ Will++}
 44789 | Elf:3    | Identified the serpent talisman of Integrity {Stlth+}
 44789 | Elf:3    | Noticed Aizul
 44801 | Elf:3    | Killed Aizul
 45218 | D:11     | Bought a +2 heavy orcbow for 237 gold pieces
 45829 | Elf:2    | Mangled by a +0 vampiric eveningstar

Illustrated notes

Levels and vault maps discovered:
D:1:      roderic_chinese_lattice_arrival, layout_rooms
D:2:      layout_loops_ring, serial_shops, nicolae_shop_overgrown_old_shop
D:3:      layout_rooms, mainiacjoe_overflow_catwalk_spiral, serial_shops,
          nicolae_shop_rolling_square, uniq_sigmund
D:4:      layout_cave_pools
D:5:      layout_gridville, elyvilon_altar_3, minitemple,
          minmay_temple_entry_offerings, serial_shops,
          nicolae_shop_industrial_runoff, ebering_ghost_sewer_f,
          minmay_gold_behind_fungi, amcnicky_mini_pool_small, abandoned_shop,
          nicolae_underground_beach
D:6:      layout_rooms, ebering_ghost_inner_flame, hangedman_decor_riveting,
          minivault_5, uniq_prince_ribbit1
D:7:      layout_basic, kennysheep_potato
D:8:      layout_basic, overflow_temple_1_default, serial_shops, shop
D:9:      layout_basic, lemuel_tele_altar, grunt_gozag_breadcrumbs,
          minmay_shattered_shrine, uniq_gastronok
D:10:     minmay_the_grid_triangle_9x9_rhombus_thin_mashed
          [minmay_the_grid_triangle_9x9_zippers_vertical,
          minmay_the_grid_triangle_9x9_prize_top_heavy,
          minmay_the_grid_triangle_9x9_thin_v,
          minmay_the_grid_triangle_9x9_minimal], layout_loops_corners,
          gammafunk_temple_overflow_claw,
          kennysheep_orc_monster_closet_entryway, serial_ice, serial_ice_h,
          serial_ice_k, serial_ice_c, serial_ice_b, serial_ice_e, serial_ice_a,
          serial_ice_o, serial_ice_m, serial_ice_d, serial_ice_f, uniq_erolcha,
          uniq_lodul, uniq_maggie
D:11:     layout_cave_pools, lair_entry_dummy, serial_shops,
          nicolae_shop_bloodbath_and_beyond, nicolae_shop_behind_doors,
          nicolae_shop_overgrown_old_shop, nicolae_shop_just_a_little_nook,
          kennysheep_little_box, dk_noncrumbling_3, minmay_variable_closet,
          einodemon_armed_red_devil_minivault
D:12:     layout_rooms, gauntlet_entry_generic, nicolae_trove_entry_crystal
D:13:     layout_long_grid, minmay_microvault
D:14:     layout_roguey, hellmonk_vaults_order_and_chaos, nicolae_water_bricks,
          serial_shops, nicolae_shop_tiny_statue_garden, xom_redecorated,
          uniq_frances
D:15:     hangedman_depths_entry_civil_slaughter, layout_cave_pools,
          hangedman_abyss_or_decor_lesser_grid
Lair:1:   layout_concentric_octagons, uniq_joseph
Lair:2:   layout_cave_shapes, spider_nest_entry_rubble, evilmike_ambush
          [evilmike_ambush_outer_basic, evilmike_ambush_inner_basic],
          infiniplex_staircase_pool
Lair:3:   layout_roguey, elwin_shoals_entry_rocks, gammafunk_ghost_split,
          serial_bayou_shore_b, uniq_josephine, uniq_sonja
Lair:4:   wander_river, layout_gridlike, slime_entry_1,
          nicolae_quartered_pool_little, dreamdust_gnoll_shepherd
Lair:5:   grunt_lair_end_beastmaster, layout_long_grid, lemuel_fruit_tree
Shoals:1: layout_shoals, gammafunk_ghost_split, nicolae_shoals_this_corrosion
Shoals:2: layout_shoals, ebering_ghost_davey_jones,
          nicolae_shoals_kraken_intersection
Shoals:3: layout_shoals
Shoals:4: shoals_end_grunt_ice, layout_shoals, nicolae_shoals_circle_sea_wall,
          nicolae_shoals_bring_sunscreen
Spider:1: layout_cave_pods
Spider:2: layout_spider_delve, portal_ice_cave_entry_pillars_2, drop_trap,
          uniq_arachne
Spider:3: layout_spider_delve, uniq_louise
Spider:4: grunt_spider_rune_circles, gammafunk_ghost_tricky_traps, drop_trap
Orc:1:    layout_diamond_mine, regret_index_minedec_guest_junction,
          nicolae_shop_overcharged_wands
Orc:2:    st_orc_rangers, layout_diamond_mine, ebering_ghost_disaster_area,
          uniq_jorgrun
Elf:1:    layout_geoelf_octagon, serial_shops, nicolae_shop_behind_doors,
          minmay_elf_necromancy, minivault_15
Elf:2:    elven_hall_of_blades_hangedman_alternative
          [nicolae_blade_entry_sentries_behind_glass], layout_geoelf_octagon,
          uniq_roxanne
Elf:3:    elf_hall_gauntlet_wide, layout_gridlike, drop_trap, uniq_aizul

Skill      XL: |  1  2  3  4  5  6  7  8  9 10 11 12 13 14 15 16 17 18 19 |
---------------+----------------------------------------------------------+-----
Armour         | 4 5 6 7 9 10 12 13 14 15 16 | 16.9
Shields        | 4 5 6 7 8 9 10 11 12 13 | 13.2
Axes           | 3 4 5 6 7 9 11 13 14 16 17 | 17.9
Fighting       | 4 5 6 7 8 9 11 13 15 17 18 19 | 19.8
Dodging        | 1 2 3 4 5 6 7 8 9 10 11 | 11.4
Evocations     | 1 2 4 6 |  6.9
Stealth        | 1 2 3 5 6 7 8 |  8.1
Throwing       | 2 3 4 6 8 9 |  9.0
Maces & Flails | 1 7 10 11 | 11.4
Invocations    | 8 10 11 | 11.6
Ranged Weapons | 1 4 7 |  7.7

Action                     |  1- 3 |  4- 6 |  7- 9 | 10-12 | 13-15 | 16-18 | 19-21 || total
---------------------------+-------+-------+-------+-------+-------+-------+-------++-------
  Melee: War axe           |    78 |    84 |   297 |   313 |   669 |  1125 |   206 ||  2772
         Headbutt          |     4 |     9 |    47 |    78 |   208 |   247 |    42 ||   635
         Morningstar       |       |       |       |    28 |   262 |       |       ||   290
   Fire: Sling             |       |       |       |       |       |    13 |    29 ||    42
         Orcbow            |       |       |       |       |       |       |    11 ||    11
  Throw: Dart              |       |       |       |    22 |    17 |    90 |    48 ||   177
         Boomerang         |       |       |       |     8 |       |       |       ||     8
         Javelin           |       |       |       |     2 |       |       |       ||     2
 Invoke: Depart the Abyss  |       |       |       |       |       |     1 |       ||     1
  Evoke: Wand              |       |       |    16 |       |     4 |     5 |       ||    25
         Box of beasts     |       |       |       |       |     1 |     1 |       ||     2
    Use: Potion            |       |     1 |       |       |       |     4 |       ||     5
         Scroll            |       |       |     3 |    15 |    19 |    16 |     5 ||    58
   Stab: Petrified         |       |       |       |       |     3 |       |       ||     3
         Petrifying        |       |       |       |       |     1 |       |       ||     1
         Sleeping          |       |       |       |       |       |       |     1 ||     1
 Armour: Scale mail        |    78 |    66 |       |       |       |       |       ||   144
         Ring mail         |       |       |   161 |       |       |       |       ||   161
         Pearl dragon scal |       |       |    53 |   341 |   839 |   988 |   291 ||  2512
  Dodge: Dodged            |    39 |    25 |   153 |   201 |   514 |   626 |   118 ||  1676
         Repelled          |       |       |       |       |       |    70 |    54 ||   124
  Block: Buckler           |    20 |    13 |    81 |   100 |   269 |   318 |    55 ||   856

Table legend: (Time is in decaauts)
 A = Elapsed time spent in this place.
 B = Non-inter-level travel time spent in this place.
 C = Inter-level travel time spent in this place.
 D = Time resting spent in this place.
 E = Time spent auto-exploring this place.
 F = Levels seen in this place.
 G = Mean time per level.
                   A        B        C        D        E       F      G
               +--------+--------+--------+--------+--------+-----+--------+
         Total |  46059 |  42535 |   3524 |   4043 |  31034 |  37 | 1244.8 |
       Dungeon |  16830 |  15185 |   1645 |    200 |  12459 |  15 | 1122.0 |
          Lair |   5575 |   5095 |    480 |     19 |   4081 |   5 | 1115.0 |
        Shoals |   7063 |   6748 |    315 |   1191 |   4398 |   4 | 1765.8 |
   Spider Nest |   5694 |   5346 |    348 |    458 |   3945 |   4 | 1423.5 |
  Orcish Mines |   2433 |   1930 |    503 |     23 |   1541 |   2 | 1216.5 |
   Elven Halls |   7611 |   7380 |    231 |   2149 |   4017 |   3 | 2537.0 |
         Abyss |    246 |    246 |      0 |      0 |    114 |   3 |   82.0 |
      Gauntlet |    604 |    604 |      0 |      0 |    477 |   1 |  604.0 |
               +--------+--------+--------+--------+--------+-----+--------+

Top non-repeatable levels by time:
    D:10: 3149 daAuts
   Elf:3: 2906 daAuts
   Elf:2: 2822 daAuts
Shoals:4: 2369 daAuts
     D:9: 1909 daAuts
   Elf:1: 1883 daAuts
Spider:2: 1851 daAuts
   Orc:2: 1753 daAuts
Shoals:1: 1710 daAuts
Spider:1: 1709 daAuts
Shoals:3: 1511 daAuts
Shoals:2: 1472 daAuts
    D:11: 1468 daAuts
Spider:4: 1390 daAuts
  Lair:1: 1355 daAuts
